 Dungeon Crawl Stone Soup version 0.27-a0-1036-g8e1b44f6bd (webtiles) character file.

Game seed: 18025653305359825069

1677 frogmouthbird the Cleaver (level 9, -1/70 HPs)
             Began as a Hill Orc Fighter on Apr 17, 2021.
             Slain by a hornet zombie (4 damage)
             ... on level 6 of the Dungeon on Apr 18, 2021.
             The game lasted 00:06:30 (5604 turns).

frogmouthbird the Cleaver (Hill Orc Fighter)        Turns: 5604, Time: 00:06:31

Health: -1/70      AC: 12    Str: 21    XL:     9   Next: 1%
Magic:  9/9        EV:  7    Int:  9    God:
Gold:   234        SH:  6    Dex: 10    Spells: 8/8 levels left

rFire    + . .     SeeInvis +   a - +0 war axe
rCold    + . .     Faith    .   n - +2 buckler
rNeg     . . .     Spirit   .   h - +1 chain mail
rPois    .         Reflect  .   k - +0 helmet
rElec    .         Harm     .   i - scarf {rC+ rF+}
rCorr    .         Rampage  .   (no gloves)
Will     .....                  y - +0 pair of boots
Stlth    ..........             (no amulet)
HPRegen  0.21/turn              l - ring of see invisible
MPRegen  0.11/turn              (no ring)

@: no status effects
A: no striking features
a: no special abilities


You were on level 6 of the Dungeon.
You visited 1 branch of the dungeon, and saw 6 of its levels.

You collected 234 gold pieces.

Inventory:

Hand Weapons
 a - a +0 war axe (weapon)
Missiles
 e - 5 curare-tipped darts (quivered)
 m - a throwing net
Armour
 h - a +1 chain mail (worn)
 i - a scarf of resistance (worn)
 k - a +0 helmet (worn)
 n - a +2 buckler (worn)
 y - a +0 pair of boots (worn)
Jewellery
 l - a ring of see invisible (left hand)
Wands
 f - a wand of paralysis (3)
 u - a wand of digging (8)
 v - a wand of flame (8)
Scrolls
 c - 3 scrolls of magic mapping
 o - 2 scrolls of blinking
 q - 2 scrolls of teleportation
 t - 2 scrolls of identify
Potions
 b - 2 potions of cancellation
 d - a potion of might
 g - a potion of lignification {unknown}
 j - a potion of flight {unknown}
 p - 2 potions of heal wounds
 r - a potion of mutation {unknown}
 s - 2 potions of haste
 w - 3 potions of curing {unknown}
 x - a potion of brilliance {unknown}


   Skills:
 - Level 3.6 Fighting
 * Level 14.0 Axes
 - Level 3.2 Armour
 - Level 3.2 Shields


You had 8 spell levels left.
You didn't know any spells.
Your spell library contained the following spells:

 Spells                   Type           Power      Damage    Failure   Level
 Foxfire                  Conj/Fire      0%         2x1d4     99%         1
 Conjure Flame            Conj/Fire      0%         6-21      100%        3
 Inner Flame              Hex/Fire       0%         N/A       100%        3
 Sticky Flame             Conj/Fire      0%         2d3       100%        4
 Fireball                 Conj/Fire      0%         3d3       100%        5


Dungeon Overview and Level Annotations

Branches:
Dungeon (6/15)
 Temple: D:4-7

Altars:
Ashenzari
Cheibriados
Elyvilon
Hepliaklqana
Makhleb
Ru
Sif Muna
Xom
Zin


Message History

The orc warrior hits you with a +2 vorpal halberd!
You are too injured to fight recklessly!
You are too injured to fight recklessly!
You are too injured to fight recklessly!
You slash the orc warrior!
You kill the orc warrior!
You have reached level 9!
Your experience leads to an increase in your attributes!
Increase (S)trength, (I)ntelligence, or (D)exterity?
You feel stronger.
You hit the iguana but do no damage. The iguana bites you.
You slash the iguana!
The iguana is heavily wounded.
The iguana bites you!
* * * LOW HITPOINT WARNING * * *
You barely miss the iguana.
The iguana is heavily wounded.
You block the iguana's attack.
You closely miss the iguana.
The iguana is heavily wounded.
The iguana barely misses you.
You slash the iguana!
You kill the iguana!
The hornet zombie hits you but does no damage.
Your Axes skill increases to level 14!
You hit the hornet zombie.
The hornet zombie is lightly damaged.
The hornet zombie hits you.
* * * LOW HITPOINT WARNING * * *
You closely miss the hornet zombie.
The hornet zombie is lightly damaged.
The hornet zombie hits you!
* * * LOW HITPOINT WARNING * * *
You hit the hornet zombie.
The hornet zombie is lightly damaged.
The hornet zombie hits you but does no damage.
Your chain mail prevents you from hitting the hornet zombie.
The hornet zombie is lightly damaged.
The hornet zombie hits you.
You die...

#.#####..####....##
##.## #.#
##..........# #.##
#.#
##.#....##...##...
#.#
#.####..........#
#.# #.#
#####..#.... #.#
####### ##....#.
#.######.....#
###....
#.#....Z.#.#.#
#....
#.#.##.#@.#..#
#.... #.#
##.#.#.#.# #....
#.# .Z#.....# #....
#.# ######)## .....
#.# o.#......#
#####
#.##.#.#.#..#.#
#.## . #..##..#.#
#.#### #..##..#.#
#.#)'.o#.#..#.#.#


You could see a hornet zombie.

Vanquished Creatures
  An acid dragon (D:6)
  An orc warrior (D:6)
  2 sky beasts
  An ice beast (D:5)
  A black bear (D:5)
  3 ogres
  2 phantoms
  A bullfrog (D:6)
  A scorpion (D:6)
  A wyvern skeleton (D:6)
  A water moccasin skeleton (D:4)
  An electric eel (D:6)
  A howler monkey (D:5)
  A jelly (D:5)
  A centaur skeleton (D:6)
  4 iguanas
  An orc wizard (D:4)
  A hound zombie (D:5)
  4 hound skeletons
  3 howler monkey zombies
  Robin (D:2)
  3 adders
  A white imp (D:6)
  2 ufetubi (D:5)
  4 worms
  3 dart slugs
  2 orcs (D:4)
  6 ball pythons
  A bat (D:2)
  3 endoplasms
  4 giant cockroaches
  11 goblins
  6 hobgoblins
  3 quokkas
  3 frilled lizards (D:3)
  3 kobolds (D:2)
  3 rats
91 creatures vanquished.

Notes
Turn   | Place    | Note
-------+----------+-------------------------------------------
     0 | D:1      | frogmouthbird the Hill Orc Fighter began the quest for the
                  | Orb.
     0 | D:1      | Reached XP level 1. HP: 19/19 MP: 1/1
    67 | D:1      | Reached skill level 3 in Axes
   399 | D:1      | Reached XP level 2. HP: 26/26 MP: 2/2
   651 | D:2      | Reached skill level 4 in Axes
   934 | D:2      | Reached XP level 3. HP: 30/31 MP: 3/3
  1030 | D:2      | Reached skill level 5 in Axes
  1284 | D:2      | Noticed Robin
  1295 | D:2      | Reached XP level 4. HP: 33/39 MP: 4/4
  1295 | D:2      | Killed Robin
  1389 | D:2      | Noticed a phantom
  1410 | D:2      | Killed a phantom
  1411 | D:2      | Reached skill level 7 in Axes
  1411 | D:2      | Reached XP level 5. HP: 37/45 MP: 5/5
  1767 | D:3      | Found a shimmering altar of Xom.
  1808 | D:3      | Paralysed by a goblin for 7 turns
  1826 | D:3      | You fall into a shaft and drop 2 floors!
  1826 | D:5      | Entered Level 5 of the Dungeon
  1947 | D:4      | Reached skill level 8 in Axes
  1947 | D:4      | Reached XP level 6. HP: 24/51 MP: 6/6
  3012 | D:4      | Noticed a sky beast
  3034 | D:4      | Killed a sky beast
  3035 | D:4      | Reached skill level 9 in Axes
  3347 | D:5      | Reached XP level 7. HP: 52/57 MP: 7/7
  3348 | D:5      | Reached skill level 10 in Axes
  3916 | D:5      | Reached skill level 11 in Axes
  4014 | D:5      | Reached XP level 8. HP: 64/64 MP: 8/8
  4447 | D:5      | Found a shimmering blue altar of Sif Muna.
  4450 | D:5      | Found a hazy altar of Hepliaklqana.
  4451 | D:5      | Found a broken altar of Ashenzari.
  4451 | D:5      | Found a sacrificial altar of Ru.
  4452 | D:5      | Found a burning altar of Makhleb.
  4453 | D:5      | Found a white marble altar of Elyvilon.
  4456 | D:5      | Found a glowing silver altar of Zin.
  4497 | D:6      | Found a snail-covered altar of Cheibriados.
  4565 | D:6      | Reached skill level 12 in Axes
  4648 | D:6      | Upgraded the game from 0.27-a0-1006-g1fd4cec11e to
                  | 0.27-a0-1036-g8e1b44f6bd
  5336 | D:6      | Reached skill level 13 in Axes
  5596 | D:6      | Reached XP level 9. HP: 30/70 MP: 9/9
  5601 | D:6      | Reached skill level 14 in Axes
  5602 | D:6      | HP: 3/70 [hornet zombie (7)]
  5604 | D:6      | Slain by a hornet zombie

Illustrated notes

Levels and vault maps discovered:
D:1:      matt_arrival_spirals, layout_rooms
D:2:      layout_basic, uniq_robin
D:3:      layout_basic, nicolae_overflow_crystal_walls
D:4:      layout_loops_ring
D:5:      layout_basic, minitemple, minmay_misc_feat_enclosed,
          chequers_serial_rivers_large_b, minmay_misc_feat_doors
D:6:      minmay_clustersquares, layout_rooms, slow_altar_1,
          minmay_temple_entry_fiery, chequers_big_river

Skill      XL: |  1  2  3  4  5  6  7  8  9 |
---------------+----------------------------+-----
Axes           | 3 4 5 7 8 9 11 13 14 | 14.0
Fighting       | |  3.6
Armour         | |  3.2
Shields        | |  3.2

Action                   |  1- 3 |  4- 6 |  7- 9 || total
-------------------------+-------+-------+-------++-------
Melee: War axe           |    82 |   143 |   142 ||   367
Evoke: Wand              |       |       |     5 ||     5
  Use: Scroll            |     2 |     6 |     1 ||     9
       Potion            |       |       |     1 ||     1
 Stab: Paralysed         |       |       |     2 ||     2
Armor: Scale mail        |     6 |       |       ||     6
       Chain mail        |    48 |    84 |    42 ||   174
Dodge: Dodged            |    25 |    49 |    29 ||   103
Block: Kite shield       |    35 |    13 |       ||    48
       Buckler           |       |    29 |    33 ||    62

Table legend: (Time is in decaauts)
 A = Elapsed time spent in this place.
 B = Non-inter-level travel time spent in this place.
 C = Inter-level travel time spent in this place.
 D = Time resting spent in this place.
 E = Time spent auto-exploring this place.
 F = Levels seen in this place.
 G = Mean time per level.
                   A        B        C        D        E       F      G
               +--------+--------+--------+--------+--------+-----+--------+
         Total |   5704 |   5507 |    197 |    876 |   3830 |   6 |  950.7 |
       Dungeon |   5704 |   5507 |    197 |    876 |   3830 |   6 |  950.7 |
               +--------+--------+--------+--------+--------+-----+--------+

Top non-repeatable levels by time:
     D:5: 1332 daAuts
     D:6: 1108 daAuts
     D:2: 1107 daAuts
     D:4: 853 daAuts
     D:3: 666 daAuts
     D:1: 635 daAuts
